 Dungeon Crawl Stone Soup version 0.25-a0-246-g58704a1ebd (webtiles) character file.

Game seed: 11844283712530958570, levelgen mode: classic

10999 Borgoz the Slicer (level 12, -2/76 HPs)
             Began as a Kobold Gladiator on Dec 4, 2019.
             Was a High Priest of Okawaru.
             Killed from afar by Psyche (5 damage)
             ... with a magic dart
             ... on level 11 of the Dungeon.
             The game lasted 00:28:11 (13387 turns).

Borgoz the Slicer (Kobold Gladiator)               Turns: 13387, Time: 00:28:11

Health: -2/76      AC: 11    Str: 22    XL:     12   Next: 2%
Magic:  16/16      EV: 20    Int:  9    God:    Okawaru [*****.]
Gold:   809        SH:  0    Dex: 16    Spells: 8/11 levels left

rFire    + . .     SeeInvis .   w - +4 short sword (venom)
rCold    + . .     Gourm    .   (shield restricted)
rNeg     . . .     Faith    .   m - +1 scale mail of the Original Sin {Slay+3}
rPois    .         Spirit   .   c - +1 helmet
rElec    .         Reflect  .   u - scarf {rC+ rF+}
rCorr    .         Harm     .   (no gloves)
MR       +....                  (no boots)
Stlth    ++........             (no amulet)
HPRegen  0.22/turn              h - ring of protection from magic
MPRegen  0.15/turn              (no ring)

@: mighty
A: small, carnivore
a: Heroism, Finesse, Renounce Religion


You were on level 11 of the Dungeon.
You worshipped Okawaru.
Okawaru was extremely pleased with you.
You were very full.

You visited 2 branches of the dungeon, and saw 12 of its levels.
You also visited: Sewer.

You collected 809 gold pieces.

Inventory:

Hand Weapons
 a - a +1 rapier
 b - a +0 short sword of draining
 g - a +1 dagger of draining
 j - a +0 dagger of venom
 w - a +4 short sword of venom (weapon)
Missiles
 d - a throwing net (quivered)
Armour
 c - a +1 helmet (worn)
 l - a +0 shield
 m - the +1 scale mail of the Original Sin (worn) {Slay+3}
   (You found it on level 4 of the Dungeon)

   It affects your accuracy and damage with ranged weapons and melee attacks
   (+3).
 u - a scarf of resistance (worn)
 z - a scarf of cloud immunity
 J - the +3 ring mail "Lygoh" {rElec}
   (You took it off a kobold on level 8 of the Dungeon)

   It insulates you from electricity.
Jewellery
 h - a ring of protection from magic (left hand)
Wands
 k - a wand of digging (6)
 v - a wand of flame (11)
 E - a wand of polymorph (4)
Scrolls
 i - 2 scrolls of enchant weapon
 q - 4 scrolls of remove curse
 r - 3 scrolls of teleportation
 t - 4 scrolls of amnesia
 x - 2 scrolls of enchant armour
 C - 2 scrolls of fear
 D - 2 scrolls of identify
 F - 2 scrolls of magic mapping
 H - a scroll of blinking
 I - a scroll of fog
Potions
 e - 2 potions of brilliance
 n - 4 potions of might
 o - a potion of berserk rage
 p - a potion of agility
 s - a potion of ambrosia
 B - a potion of cancellation
 G - a potion of magic
Comestibles
 f - 26 rations
 K - 2 chunks of flesh


   Skills:
 * Level 9.2 Fighting
 * Level 11.3 Short Blades
 - Level 2.1 Throwing
 * Level 6.7 Armour
 * Level 10.4 Dodging
 - Level 5.0 Stealth
 + Level 6.0 Invocations
 - Level 5.4 Evocations


You had 8 spell levels left.
You knew the following spells:

 Your Spells              Type           Power        Failure   Level  Hunger
a - Confuse               Hex            #.......     96%         3    ####...

Your spell library contained the following spells:

 Spells                   Type           Power        Failure   Level  Hunger
 Corona                   Hex            #......      67%         1    ##.....
 Magic Dart               Conj           #...         67%         1    ##.....
 Sandblast                Erth           #.....       67%         1    ##.....
 Ensorcelled Hibernation  Hex/Ice        #.....       82%         2    ###....
 Passwall                 Tmut/Erth      #.......     82%         2    ###....
 Searing Ray              Conj           #.....       82%         2    ###....
 Dazzling Flash           Conj/Hex       #.....       96%         3    ####...
 Stone Arrow              Conj/Erth      #.....       96%         3    ####...
 Tukima's Dance           Hex            #.......     96%         3    ####...
 Fulminant Prism          Conj/Hex       #.........   100%        4    #####..
 Iskenderun's Mystic Bla  Conj/Tloc      #.......     100%        4    #####..
 Petrify                  Tmut/Erth      #.......     100%        4    #####..
 Lee's Rapid Deconstruct  Erth           #.........   100%        5    ######.


Dungeon Overview and Level Annotations

Branches:
Dungeon (11/15)            Temple (1/1) D:4             Orc (0/2) D:10
  Sewer (visited)
   Lair: D:8-11

Altars:
Ashenzari
Cheibriados
Dithmenos
Elyvilon
Fedhas
Gozag
Hepliaklqana
Kikubaaqudgha
Makhleb
Nemelex Xobeh
Okawaru
Qazlal
Ru
Sif Muna
Trog
Uskayaw
Vehumet
Wu Jian
Xom
Yredelemnul
Zin
The Shining One

Shops:
D:6 !

Annotations:
D:11 Psyche


Innate Abilities, Weirdness & Mutations

You are small and have problems with some larger weapons.
You are carnivorous and can eat meat at any time.


Message History

You feel stronger. The porcupine completely misses you.
You are struck by the porcupine's spines.
* * * LOW HITPOINT WARNING * * *
You closely miss the porcupine.
The porcupine is almost dead.
You kill the porcupine!
Okawaru accepts your kill.
Your Invocations skill increases to level 6!
You feel better. The yak gores you!
* * * LOW HITPOINT WARNING * * *
Okay, then.
Evoke which item? (* to show all) (? for menu, Esc to quit)
Okay, then.
As you read the scroll of fear, it crumbles to dust.
You assume a fearsome visage.
The yak looks frightened!
The hound skeleton is unaffected.
A magic dart appears from out of thin air!
The magic dart hits you.
You die...

......Z.†......
###'### P.
#..†..#
..#######
#.....#
#......###.....#
#..............#
#..............#
#..............#
#.....@..÷....##
#...<....÷....#
#.............#
#.#######.....#
# #.#####
###S..# .....#
.>.>..# ......#


There were no monsters in sight!

Vanquished Creatures
  2 two-headed ogres (D:9)
  The ghost of bmj180 the Conjurer, a novice DrCj (D:5)
  An ugly thing (D:9)
  A queen bee (D:8)
  A hornet (D:9)
  11 yaks
  A wyvern (D:10)
  A hungry ghost (D:10)
  A water moccasin (D:6)
  2 porcupines (D:11)
  4 ice beasts
  3 sky beasts
  8 orc warriors
  2 phantoms
  A necrophage (D:6)
  4 ogres
  4 centaurs
  A crocodile (D:9)
  12 big kobolds
  7 bullfrogs
  Blork the orc (D:6)
  A gnoll sergeant (D:3)
  2 scorpions
  24 killer bees
  A howler monkey (D:5)
  2 electric eels (D:10)
  2 crimson imps
  A bullfrog zombie (D:8)
  4 hounds
  A quasit (D:7)
  3 bullfrog skeletons
  4 orc priests (D:10)
  3 jellies (D:8)
  A centaur skeleton (D:6)
  Terence (D:2)
  2 iguanas (D:6)
  8 orc wizards
  4 worker ants
  2 hound skeletons
  A worker ant zombie (D:6)
  11 gnolls
  9 adders
  A howler monkey skeleton (D:4)
  A river rat (Sewer)
  2 shadow imps
  3 oozes
  An adder zombie (D:5)
  4 adder skeletons
  6 worms
  2 dart slugs
  4 leopard geckos
  34 orcs
  3 ball pythons
  5 giant cockroaches
  8 goblins
  5 hobgoblins
  7 jackals
  55 kobolds
  6 quokkas
  8 bats
  5 frilled lizards
  A leopard gecko zombie (D:8)
  12 rats
  A spectral orc (D:6)
330 creatures vanquished.

Vanquished Creatures (others)
  An orc wizard (D:5)
1 creature vanquished.

Grand Total: 331 creatures vanquished

Notes
Turn   | Place    | Note
-------+----------+-------------------------------------------
     0 | D:1      | Borgoz the Kobold Gladiator began the quest for the Orb.
     0 | D:1      | Reached XP level 1. HP: 12/12 MP: 1/1
   126 | D:1      | Reached XP level 2. HP: 18/18 MP: 2/2
   151 | D:1      | Reached skill level 1 in Stealth
   482 | D:1      | Reached XP level 3. HP: 22/22 MP: 3/3
  1513 | D:2      | Noticed Terence
  1537 | D:2      | Killed Terence
  1537 | D:2      | Reached skill level 1 in Armour
  1537 | D:2      | Reached XP level 4. HP: 27/27 MP: 4/4
  2204 | D:3      | Found a faded altar of an unknown god.
  2247 | D:3      | Reached XP level 5. HP: 32/32 MP: 5/5
  2733 | D:3      | Reached skill level 5 in Short Blades
  2979 | D:4      | Got a transparent scale mail
  2990 | D:4      | Identified the +1 scale mail of the Original Sin {Slay+3}
                  | (You found it on level 4 of the Dungeon)
  3104 | D:4      | Found a staircase to the Ecumenical Temple.
  3140 | Temple   | Entered the Ecumenical Temple
  3246 | Temple   | Became a worshipper of Warmaster Okawaru
  3512 | D:4      | Reached XP level 6. HP: 35/37 MP: 6/6
  3680 | D:4      | Noticed a phantom
  3708 | D:4      | Killed a phantom
  3708 | D:4      | Reached skill level 5 in Dodging
  3708 | D:4      | Reached skill level 1 in Evocations
  4553 | D:3      | Reached skill level 1 in Invocations
  4553 | D:3      | Reached XP level 7. HP: 33/42 MP: 7/7
  4623 | D:3      | Reached * piety under Okawaru
  4891 | D:5      | Entered Level 5 of the Dungeon
  4923 | D:5      | Found a sacrificial altar of Ru.
  4923 | D:5      | Found a white marble altar of Elyvilon.
  4944 | D:5      | Found a glowing silver altar of Zin.
  4998 | D:5      | Noticed bmj180's ghost (novice DrCj)
  5006 | D:5      | Found a runed translucent door.
  5044 | D:5      | Killed bmj180's ghost
  5044 | D:5      | Reached ** piety under Okawaru
  5044 | D:5      | Reached skill level 6 in Short Blades
  5044 | D:5      | Reached XP level 8. HP: 23/48 MP: 9/9
  5582 | D:5      | Reached skill level 5 in Fighting
  5596 | D:5      | Reached skill level 7 in Short Blades
  5609 | D:5      | Reached *** piety under Okawaru
  5609 | D:5      | Reached XP level 9. HP: 28/54 MP: 11/11
  6075 | D:5      | Reached skill level 5 in Stealth
  6746 | D:6      | Received a gift from Okawaru
  6865 | D:6      | Found a glowing drain.
  6874 | Sewer    | Entered a sewer
  6940 | Sewer    | Reached skill level 8 in Short Blades
  7364 | D:6      | Learned a level 3 spell: Confuse
  7385 | D:6      | Found a burning altar of Makhleb.
  7497 | D:6      | Found Minoff's Distillery.
  7570 | D:6      | Found a basalt altar of Yredelemnul.
  7682 | D:6      | Noticed Blork the orc
  7688 | D:6      | Reached XP level 10. HP: 56/61 MP: 13/13
  7696 | D:6      | Killed Blork the orc
  7696 | D:6      | Reached **** piety under Okawaru
  8572 | D:8      | Reached skill level 9 in Short Blades
  8590 | D:8      | Identified the +3 ring mail "Lygoh" {rElec}
  9046 | D:8      | Reached skill level 5 in Armour
  9269 | D:8      | Reached skill level 5 in Evocations
  9285 | D:8      | Reached ***** piety under Okawaru
  9782 | D:8      | You fall into a shaft and drop 1 floor!
  9794 | D:9      | Noticed a two-headed ogre
 10226 | D:9      | Noticed a two-headed ogre
 10232 | D:9      | Killed a two-headed ogre
 10232 | D:9      | Reached skill level 10 in Short Blades
 10232 | D:9      | Reached XP level 11. HP: 68/68 MP: 13/15
 10290 | D:8      | Reached skill level 5 in Invocations
 10581 | D:8      | Received a gift from Okawaru
 10684 | D:9      | Noticed a cyan ugly thing
 10714 | D:9      | Killed a cyan ugly thing
 10858 | D:9      | Killed a two-headed ogre
 11005 | D:10     | Entered Level 10 of the Dungeon
 11555 | D:9      | Reached skill level 10 in Dodging
 12741 | D:10     | Reached skill level 11 in Short Blades
 13161 | D:10     | Found a staircase to the Orcish Mines.
 13334 | D:11     | Noticed Psyche
 13378 | D:11     | Reached XP level 12. HP: 17/76 MP: 16/16
 13379 | D:11     | HP: 3/76 [porcupine's spines (14)]
 13387 | D:11     | Killed from afar by Psyche

Levels and vault maps discovered:
D:1:      matt_arrival_grand_opening, layout_basic, minmay_misc_feat_square,
          chequers_serial_rivers_large_a
D:2:      layout_loops_ring, serial_rivers, chequers_serial_rivers_micro_b,
          chequers_serial_rivers_room_b, chequers_serial_rivers_room_b,
          chequers_serial_rivers_small_b, chequers_serial_rivers_room_b,
          chequers_serial_rivers_small_3, first_ration, uniq_terence
D:3:      layout_basic, chequers_ecumenical_altar_simple, kennysheep_cross_room,
          kennysheep_generic_room_9
D:4:      layout_basic, minmay_temple_entry_sparse_star, st_stairs_1,
          chequers_garden, chequers_serial_rivers_micro_c, lightli_minifort
D:5:      minmay_goblin_kobold_castle, layout_loops_ring,
          gammafunk_temple_overflow_forgotten, hellmonk_ghost_happy_afterlife
D:6:      layout_loops_ring, yredelemnul_forgotten_temple_becter,
          makhleb_blood_cavern_becter, portal_sewer_entry_d, serial_shops, shop,
          uniq_blork_the_orc
D:7:      layout_gridville
D:8:      layout_gridville, david_nohive_1, hangedman_abyss_or_decor_clamps,
          minmay_increasing_density
D:9:      layout_cave_pools
D:10:     layout_cave_pods, erik_orc_2
D:11:     layout_irregular_city, grunt_lair_entry_orc_guard_hut,
          kennysheep_windowed_goal, uniq_psyche
Temple:   minmay_temple_bridge_d

Skill      XL: |  1  2  3  4  5  6  7  8  9 10 11 12 |
---------------+-------------------------------------+-----
Stealth        | 1 2 3 4 5 |  5.0
Dodging        | 4 5 6 7 9 10 | 10.4
Armour         | 1 2 3 4 5 6 |  6.7
Fighting       | 3 4 5 6 7 9 |  9.2
Short Blades   | 5 6 7 8 10 11 | 11.3
Evocations     | 1 2 3 4 5 |  5.4
Invocations    | 1 2 3 4 5 6 |  6.0
Throwing       | |  2.1

Action                   |  1- 3 |  4- 6 |  7- 9 | 10-12 || total
-------------------------+-------+-------+-------+-------++-------
Melee: Rapier            |   101 |   190 |   140 |    59 ||   490
       Short sword       |       |       |   251 |   608 ||   859
Throw: Throwing net      |     3 |       |       |     4 ||     7
Evoke: Wand              |       |       |    12 |    18 ||    30
  Use: Scroll            |     5 |     2 |     8 |     7 ||    22
       Potion            |       |       |     9 |     8 ||    17
 Stab: Sleeping          |     1 |     2 |     2 |     1 ||     6
       Held in net/web   |       |       |       |     5 ||     5
  Eat: Chunk             |    10 |     7 |    13 |    21 ||    51
Armor: Leather armour    |    12 |       |       |       ||    12
       Ring mail         |       |    36 |       |       ||    36
       Scale mail        |       |    16 |   118 |   151 ||   285
       Skin              |       |       |       |    65 ||    65
Dodge: Dodged            |    58 |   137 |   294 |   425 ||   914
Block: Shield            |    12 |    32 |       |       ||    44

Table legend:
 A = Non-vault XP
 B = Vault XP
 C = Vault XP percentage of total XP
 D = Non-vault monster count
 E = Vault monster count
 F = Vault count percentage of total count
                 A         B        C        D         E       F
            +---------+---------+-------+---------+---------+-------
      Total |   10744 |    4970 |  31.6 |     207 |     124 |  37.5
            +---------+---------+-------+---------+---------+-------
        D:1 |      33 |       0 |   0.0 |      17 |       0 |   0.0
        D:2 |      64 |      36 |  36.0 |      24 |       1 |   4.0
        D:3 |      69 |      95 |  57.9 |      21 |       3 |  12.5
        D:4 |     248 |      64 |  20.5 |       6 |       6 |  50.0
        D:5 |     670 |    1332 |  66.5 |      27 |      51 |  65.4
        D:6 |     748 |     245 |  24.7 |      14 |       5 |  26.3
        D:7 |     665 |       0 |   0.0 |      17 |       0 |   0.0
        D:8 |    1244 |    1514 |  54.9 |      22 |      21 |  48.8
        D:9 |    4753 |       0 |   0.0 |      38 |       0 |   0.0
       D:10 |     983 |     971 |  49.7 |      13 |      19 |  59.4
       D:11 |    1267 |     286 |  18.4 |       8 |       2 |  20.0
      Sewer |       0 |     427 | 100.0 |       0 |      16 | 100.0
            +---------+---------+-------+---------+---------+-------
